Cogmind - Beta 13 @@@ ROGUE MODE // 2024.07.26 @ 00:07:31 Player: Sernik Result: Destroyed by G-47 Trooper with Particle Gun Performance ------------- Evolutions (2) 1000 Regions Visited (4) 800 Robots Destroyed (22) 110 Value Destroyed (514) 514 Prototype IDs (1) 20 Alien Tech Used (0) 0 Bonus (0) 0 TOTAL SCORE: 2444 Bonus ------- None Cogmind --------- Core Integrity 0/550 Matter 258/300 Energy 100/100 System Corruption 0% Temperature Cool (9) Movement Core (50) Location -8/Materials Parts ------- > --- POWER (2) -------- (None) > --- PROPULSION (3) --- (None) > --- UTILITY (3) ------ (None) > --- WEAPON (3) ------- (None) > --- INVENTORY (5) ---- Sensor Array Peak State ------------ > --- POWER ------------ Cooled Ion Engine Cooled Ion Engine > --- PROPULSION ------- Light Treads Light Treads > --- UTILITY ---------- Improved Heat Sink Small Storage Unit Power Shielding > --- WEAPON ----------- Medium Laser Beam Cannon > --- INVENTORY -------- Light Ion Engine Light Ion Engine Light Treads Flight Unit Small Battery Sensor Array [Rating: 15] Favorites ----------- Power Light Ion Engine Engine Light Ion Engine Power Core Light Nuclear Core Propulsion Light Treads Treads Light Treads Leg Aluminum Leg Flight Unit Flight Unit Utility Small Storage Unit Device Improved Heat Sink Storage Small Storage Unit Protection Power Shielding Weapon Beam Cannon Energy Gun Medium Laser Energy Cannon Beam Cannon Ballistic Gun Assault Rifle Special Weapon Mining Laser Build | -11 -10 -9 -9 -8 ------- Run | Yrd Mat Mat Min Mat Slots Evolved 4 | . . 2 . 2 Power 1 | . . 1 . . Propulsion 1 | . . . . 1 Utility 1 | . . 1 . . Weapon 1 | . . . . 1 Parts Attached 35 | 5 8 12 . 10 Power 8 | 1 1 2 . 4 Engine 7 | 1 1 2 . 3 Core 1 | . . . . 1 Reactor . | . . . . . Propulsion 11 | 2 2 7 . . Treads 7 | . 2 5 . . Leg 2 | 2 . . . . Wheel . | . . . . . Hover . | . . . . . Flight 2 | . . 2 . . Utility 4 | 1 1 1 . 1 Device 1 | . . 1 . . Storage 2 | 1 . . . 1 Processor . | . . . . . Hackware . | . . . . . Protection 1 | . 1 . . . Artifact . | . . . . . Weapon 12 | 1 4 2 . 5 Energy Gun 4 | . 2 2 . . Energy Cannon 2 | . 2 . . . Ballistic Gun 3 | 1 . . . 2 Ballistic Cannon . | . . . . . Launcher . | . . . . . Special Weapon 3 | . . . . 3 Impact Weapon . | . . . . . Slashing Weapon . | . . . . . Piercing Weapon . | . . . . . Special Melee Weapon . | . . . . . Unidentified Prototypes 1 | . . 1 . . Parts Lost 17 | . 5 5 . 7 Power 3 | . 1 . . 2 Propulsion 5 | . 2 3 . . Utility 3 | . . 1 . 2 Weapon 6 | . 2 1 . 3 Highest Loss Streak 7 | . 5 3 . 7 To Critical Strikes . | . . . . . Average Slot Usage (%) 65 | . 77 66 11 37 Engine 11 | . 11 13 . 7 Treads 7 | . 6 11 . . Leg 6 | . 15 . . . Device 4 | . . 10 . . Storage 12 | . 14 11 11 14 Protection 7 | . 10 7 . . Energy Gun 5 | . 7 5 . . Energy Cannon 5 | . 4 7 . . Ballistic Gun 3 | . 7 . . 3 Naked Turns 18 | . . . . 18 Heaviest Build 28 | 10 14 28 5 21 Greatest Support 40 | 20 40 40 3 3 Greatest Overweight (x) 6 | . 3 2 1 6 Average Overweight (x) . | . . . 1 4 Largest Inventory Capacity 8 | 8 8 8 8 8 Average Capacity 7 | 6 8 8 8 7 Most Carried 8 | 5 6 8 6 7 Average Carried 4 | 2 4 5 6 3 Final Capacity 8 | 8 8 8 8 5 Final Carried 6 | 3 4 6 6 1 Class Distribution -------------------- 96% | Mutant 3% | Gunner Dominant Class ---------------- Mutant | -10/Materials Mutant | -9/Materials Mutant | -9/Mines Mutant | -8/Materials Resources | -11 -10 -9 -9 -8 ----------- Run | Yrd Mat Mat Min Mat Matter Collected 481 | 237 151 93 . . Remotely . | . . . . . Salvage Created 630 | . 176 415 . 39 Parts 39 | . 14 25 . . Haulers Intercepted . | . . . . . Recyclers Shooed . | . . . . . Parts Field Recycled . | . . . . . Retrieved Matter . | . . . . . Parts Self-Destructed . | . . . . . Prevented . | . . . . . Kills | -11 -10 -9 -9 -8 ------- Run | Yrd Mat Mat Min Mat Combat Hostiles Destroyed 17 | . 6 10 . 1 Guns 11 | . 6 5 . . Cannons 5 | . . 5 . . Classes Destroyed 6 | . 3 2 . 1 Recycler 1 | . . 1 . . Watcher 4 | . 1 3 . . Swarmer 8 | . 3 5 . . Grunt 6 | . 3 3 . . Duelist 1 | . . . . 1 Sentry 2 | . . 2 . . Best Kill Streak 5 | . 5 4 . 1 Combat Bots Only 5 | . 5 4 . 1 Max Kills in Single Turn 1 | . 1 1 . 1 Gunslinging . | . . . . . Exploded . | . . . . . Melee . | . . . . . Uniques/NPCs Destroyed . | . . . . . Combat | -11 -10 -9 -9 -8 -------- Run | Yrd Mat Mat Min Mat Hostile Shots Fired 250 | . 80 107 4 59 Missed 62 | . 18 31 . 13 Damage Taken 2466 | . 718 820 40 888 Core 980 | . 203 182 40 555 Absorbed by Shields . | . . . . . Redirected to Shielding 52 | . 23 29 . . Core Remaining (%) 54 | 100 18 . 44 . Volleys Fired 95 | . 39 50 . 6 Largest 3 | . 2 2 . 3 Hottest 223 | . 100 110 . 223 Shots Fired 139 | . 52 79 . 8 Gun 91 | . 50 36 . 5 Cannon 45 | . 2 43 . . Launcher . | . . . . . Special 3 | . . . . 3 Kinetic 37 | . 32 . . 5 Thermal 102 | . 20 79 . 3 Explosive . | . . . . . Electromagnetic . | . . . . . Robot Hit Streak 18 | . 11 18 . 8 Robot Miss Streak 7 | . 7 3 . 1 Penetration Max . | . . . . . Secondary Targets 2 | . 2 . . . Max Gunslinging Chain 1 | . 1 . . . Shots Hit Robots 89 | . 28 54 . 7 Core Hits 38 | . 13 19 . 6 Critical Kills . | . . . . . Critical Parts Destroyed . | . . . . . Critical Strikes 4 | . 1 3 . . Burn 4 | . 1 3 . . Melee Attacks . | . . . . . Impact . | . . . . . Slashing . | . . . . . Piercing . | . . . . . Sneak Attacks . | . . . . . Combat Hostiles . | . . . . . Follow-up Attacks . | . . . . . Damage Inflicted 1432 | . 463 794 . 175 Guns 871 | . 425 363 . 83 Cannons 448 | . 17 431 . . Explosions . | . . . . . Melee . | . . . . . Ramming 65 | . 21 . . 44 Kinetic 356 | . 273 . . 83 Thermal 1011 | . 169 794 . 48 Explosive . | . . . . . Electromagnetic . | . . . . . Impact . | . . . . . Slashing . | . . . . . Piercing . | . . . . . Highest Corruption . | . . . . . Average Corruption . | . . . . . Corruption Purged . | . . . . . Corruption Blocked . | . . . . . Overload Shots . | . . . . . Overflow Damage 35 | . 29 2 . 4 Projectiles 2 | . . 2 . . Explosions 29 | . 29 . . . Melee 4 | . . . . 4 Knockbacks . | . . . . . Impact . | . . . . . Kinetic . | . . . . . Secondary . | . . . . . Self-Inflicted Damage 119 | . 100 . . 19 Shots 1 | . 1 . . . Rammed 16 | . . . . 16 Targets Rammed 27 | . 11 . . 16 Kicked 11 | . 11 . . . Crushed . | . . . . . Highest Temperature 330 | . 330 54 . 117 Average Temperature 84 | . 149 19 . 57 Received Heat Transfer 822 | . 204 261 24 333 Effects 2 | . 2 . . . Energy Bleed 1 | . 1 . . . Interference 1 | . 1 . . . Siege Activations . | . . . . . Robots Corrupted . | . . . . . Combat Hostiles . | . . . . . Parts Fried 1 | . . . . 1 Impact Corruptions 2 | . 1 . . 1 Robots Melted . | . . . . . Combat Hostiles . | . . . . . Parts Melted 8 | . . 8 . . Heat Transferred 2777 | . 457 2220 . 100 Parts Sabotaged . | . . . . . Parts Stolen . | . . . . . Parts Stripped . | . . . . . Power Chain Reactions . | . . . . . Alert | -11 -10 -9 -9 -8 ------- Run | Yrd Mat Mat Min Mat Peak Influence 320 | . 209 320 67 45 Initial 67 | . . 9 67 26 Average 99 | . 67 169 67 24 Maximum Alert Level 1 | . 1 1 . . Low Security (%) 82 | 100 90 64 100 100 Level 1 17 | . 9 35 . . Level 2 . | . . . . . Level 3 . | . . . . . Level 4 . | . . . . . Level 5 . | . . . . . High Security . | . . . . . Max Security . | . . . . . Squads Dispatched 3 | . 1 1 . 1 Investigation . | . . . . . Extermination . | . . . . . Reinforcement 2 | . 1 1 . . Assault . | . . . . . Garrison 1 | . . . . 1 Intercept . | . . . . . Searches Triggered . | . . . . . Construction Impeded . | . . . . . Haulers Reinforced . | . . . . . Active Scanning Responses . | . . . . . Cargo Convoy Interrupts . | . . . . . Stealth | -11 -10 -9 -9 -8 --------- Run | Yrd Mat Mat Min Mat Distress Signals 1 | . . 1 . . Communications Jammed . | . . . . . Distress Signals . | . . . . . Times Spotted 45 | . 14 25 2 4 Peak Tracking Total 5 | . 5 5 2 3 Tactical Retreats 5 | . 1 4 . . Traps | -11 -10 -9 -9 -8 ------- Run | Yrd Mat Mat Min Mat Traps Triggered 4 | . 1 3 . . Indirectly . | . . . . . Trap Hack Attempts . | . . . . . Triggered . | . . . . . Disarmed . | . . . . . Reprogrammed . | . . . . . Reused . | . . . . . Traps Extracted . | . . . . . Installed . | . . . . . Triggered . | . . . . . Machines | -11 -10 -9 -9 -8 ---------- Run | Yrd Mat Mat Min Mat Machines Disabled 1 | . 1 . . . Max in Single Turn 1 | . 1 . . . Machines Repaired . | . . . . . Machines Dismantled . | . . . . . Machines Sabotaged . | . . . . . Overloaded Fab Kills . | . . . . . Hacking | -11 -10 -9 -9 -8 --------- Run | Yrd Mat Mat Min Mat Machines Accessed . | . . . . . Terminals . | . . . . . Fabricators . | . . . . . Repair Stations . | . . . . . Recycling Units . | . . . . . Scanalyzers . | . . . . . Garrison Access . | . . . . . Total Hacks . | . . . . . Successful . | . . . . . Failed . | . . . . . Catastrophic . | . . . . . Database Lockouts . | . . . . . Manual . | . . . . . Terminals . | . . . . . Fabricators . | . . . . . Repair Stations . | . . . . . Recycling Units . | . . . . . Scanalyzers . | . . . . . Garrison Access . | . . . . . Terminal Hacks . | . . . . . Fabricator Hacks . | . . . . . Repair Station Hacks . | . . . . . Recycling Unit Hacks . | . . . . . Scanalyzer . | . . . . . Garrison Access Hacks . | . . . . . Unauthorized Hacks . | . . . . . Terminals . | . . . . . Fabricators . | . . . . . Repair Stations . | . . . . . Recycling Units . | . . . . . Scanalyzers . | . . . . . Garrison Access . | . . . . . Data Cores Recovered . | . . . . . Used . | . . . . . Hacking Detections . | . . . . . Full Trace Events . | . . . . . Feedback Events . | . . . . . Feedback Blocked . | . . . . . Robot Schematics Acquired . | . . . . . Robots Built . | . . . . . Authchips . | . . . . . Time . | . . . . . Total Robot Build Rating . | . . . . . Part Schematics Acquired . | . . . . . Parts Built . | . . . . . Authchips . | . . . . . Time . | . . . . . Total Part Build Rating . | . . . . . Parts Repaired . | . . . . . Time . | . . . . . Parts Recycled . | . . . . . Recycled Matter . | . . . . . Retrieved Matter . | . . . . . Retrieved Components . | . . . . . Parts Scanalyzed . | . . . . . Part Schematics Acquired . | . . . . . Parts Damaged . | . . . . . Bothacking | -11 -10 -9 -9 -8 ------------ Run | Yrd Mat Mat Min Mat Used RIF Installer . | . . . . . Robots Hacked . | . . . . . Non-combat . | . . . . . Combat . | . . . . . Robot Hacks Applied . | . . . . . Relay Couplers Released . | . . . . . Fabnet Peak Effective % . | . . . . . Robots Rewired . | . . . . . Allies Hacked . | . . . . . Hacks Repelled . | . . . . . Allies | -11 -10 -9 -9 -8 -------- Run | Yrd Mat Mat Min Mat Total Allies . | . . . . . Largest Group . | . . . . . Highest-Rated Group . | . . . . . Highest-Rated Ally . | . . . . . Total Orders . | . . . . . Ally Attacks . | . . . . . Total Damage . | . . . . . Kills . | . . . . . Allies Corrupted . | . . . . . Allies Melted . | . . . . . Intel | -11 -10 -9 -9 -8 ------- Run | Yrd Mat Mat Min Mat Robot Analysis Total . | . . . . . Derelict Logs Recovered . | . . . . . Drone Launches . | . . . . . Drone Recoveries . | . . . . . Exploration | -11 -10 -9 -9 -8 ------------- Run | Yrd Mat Mat Min Mat Turns Passed 1245 | 53 503 495 29 165 Spaces Moved 590 | 42 271 204 29 44 Core 175 | 14 38 50 29 44 Treads 223 | . 73 150 . . Legs 188 | 28 160 . . . Wheels . | . . . . . Hover . | . . . . . Flight 4 | . . 4 . . Fastest Speed 50 | 50 120 100 100 50 Average Speed 150 | 96 139 162 100 256 Slowest Speed 350 | 120 200 240 100 350 Overloaded Moves . | . . . . . Propulsion Burnouts . | . . . . . Robots Hopped . | . . . . . Cave-ins Triggered . | . . . . . Exploration Rate (%) 16 | 3 37 22 18 4 Regions Visited 4 Branch Regions 1 Pre-discovered Areas . | . . . . . Known Exits Taken . | . . . . . Unknown Exits Taken 4 | 1 1 1 1 . Scrap Searched . | . . . . . Spaces Dug . | . . . . . Terrain Destroyed 46 | . 45 . . 1 Melee . | . . . . . Projectile 1 | . . . . 1 AOE 45 | . 45 . . . Terrain Rammed . | . . . . . Walls Destroyed . | . . . . . Machines Disabled . | . . . . . Actions | -11 -10 -9 -9 -8 --------- Run | Yrd Mat Mat Min Mat Total 796 | 54 343 288 29 82 Wait 19 | . 6 11 1 1 Move 586 | 41 270 203 28 44 Hop . | . . . . . Pick Up 32 | 8 9 10 . 5 Fast Attach . | . . . . . Attach 31 | 5 8 8 . 10 Detach 1 | . . 1 . . Swap 4 | . . 4 . . Drop 1 | . . 1 . . Fire 95 | . 39 50 . 6 Melee . | . . . . . Ram 16 | . . . . 16 Kick 11 | . 11 . . . Crush . | . . . . . Escape Stasis . | . . . . . Rewire . | . . . . . Trap . | . . . . . Miscellaneous . | . . . . . Route ------- -11/Scrapyard -10/Materials (discovered 2 exits: *Mat / [*Min]) -9/Materials -9/Mines -8/Materials History --------- Turn | Location | Event 21 | -11/Scrapyard | Discovered new exit (range 16) 54 | -11/Scrapyard | Entered Materials 150 | -10/Materials | Discovered new exit (range 13) 301 | -10/Materials | Core integrity fell below 50% 307 | -10/Materials | Build established: Mutant 358 | -10/Materials | Core integrity fell below 20% 388 | -10/Materials | Lost 5 parts (1p2n2w) 517 | -10/Materials | Discovered new exit (range 15) 557 | -10/Materials | Entered another Materials area 557 | -9/Materials | Evolved 2 slots: Power x1, Utility x1 1030 | -9/Materials | Discovered new exit (range 12) 1047 | -9/Materials | Lost 3 parts (2n1w) 1052 | -9/Materials | Entered Mines 1055 | -9/Mines | Core integrity fell below 50% 1072 | -9/Mines | Discovered new exit (range 9) 1081 | -9/Mines | Entered Materials 1081 | -8/Materials | Evolved 2 slots: Propulsion x1, Weapon x1 1194 | -8/Materials | Garrison activated, responded to threat 1223 | -8/Materials | Core integrity fell below 50% 1229 | -8/Materials | Core integrity fell below 20% 1246 | -8/Materials | Destroyed by G-47 Trooper with Particle Gun Last Messages --------------- 01212_ Mining Laser destroyed. 01213_ Lgt. Deuterium Engine severed. 01215_ Sml. Battery destroyed. 01215_ Sml. Storage Unit destroyed. 01215_ Slammed into L-31 Rogue. 01215_ Destabilizing: Core damaged (-11). 01216_ Slammed into L-31 Rogue. 01229_ Destroyed Melee Analysis Suite. 01229_ L-31 Rogue system corrupted by crushing effect. 01229_ Atomic Centrifuge disabled. 01230_ L-31 Rogue system terminally corrupted. 01230_ Katana fried. 01233_ Acquired Shotgun. 01240_ Shotgun destroyed. 01242_ Lgt. Ion Engine destroyed. 01242_ Acquired Mining Laser. 01243_ Mining Laser destroyed. 01243_ Lgt. Ion Engine destroyed. 01244_ Slammed into G-47 Trooper. Map ----- +----------------------------------------------------+ | | | | | | | | | | | | | | | | | | | | | | | | | | | | | | | ??????????????????###########??????????????????? | | ??????????????????# #??????????????????? | | ??????????????????# """ #??????????????????? | | ??????????????????# """ #??????????????????? | | ??????????????????# " " % #??????????????????? | | ??????????????????# !% #??????????????????? | | ??????????????????# !% #??????????????????? | | ??????????????????# #??????????????????? | | ??????????????????# * * #??????????????????? | | ??????????????????#####/;############+?????????? | | ???????????????????# g@g ????????? | | ???????????????????# k ????????? | | ???????????????????# Y ????????? | | ???????????????????####+######+#######?????????? | | ???????????????????# #??????????????????? | | ???????????????????# """#??????????????????? | | ???????????????????# """#??????????????????? | | ???????????????????#! / """#??????????????????? | | ???????????????????# #??????????????????? | | ???????????????????# """#??????????????????? | | ???????????????????# """#??????????????????? | | ???????????????????# """#??????????????????? | | ???????????????????# #??????????????????? | | ???????????????????##########??????????????????? | | ???????????????????????????????????????????????? | | ???????????????????????????????????????????????? | | ???????????????????????????????????????????????? | | ???????????????????????????????????????????????? | | ???????????????????????????????????????????????? | | ???????????????????????????????????????????????? | | ???????????????????????????????????????????????? | | ???????????????????????????????????????????????? | | ???????????????????????????????????????????????? | | ???????????????????????????????????????????????? | | ???????????????????????????????????????????????? | +----------------------------------------------------+ Best States ------------- Heat Dissipation 42 Energy Generation 23 Energy Capacity 460 Matter Stores 300 Matter Capacity 300 Sight Range 16 Terrain Scan Density 10 Power Shielding 33 Evasion (%) 55 Recoil Reduction 2 Item Schematics ----------------- None Robot Schematics ------------------ None Fabricated ------------ Nothing Alien Tech Used ----------------- None Achievements -------------- None Challenges ------------ None Game ------ Seed VortexReactiveGuard Manual? 0 Play Time 00:17:03 Cumulative 7.6 hours Start 2024.05.16 @ 00:28:56 End 2024.07.26 @ 00:07:31 Sessions 2 Manual Loads 0 Difficulty Rogue Special Mode None Game No. 16 Rogue 16 Adventurer 0 Explorer 0 Win Type - Total 0 Types 0/0/0/0/0/0/0/0/0 Lore% 7 Gallery% 16 Achievement% 17 Wizard Run 0 Options --------- Layout 1 ASCII 0 Keyboard 0 Movement Mouse Keybinds 0 Fullscreen 1 Font 24/Smallcaps Map View 50x35 Zoom Use 0% Tactical HUD 1 Map Filters NONE Filters NONE Steam 1 RUN: 5bbf3626-9280-419b-8859-fe988da46304